Description

A Stargate opener that goes into 7 Adepts and 2 Oracles for early pressure, then transitions into Chargelot/Immortal/Archon.

Replay - Alluton v Zenith - Automaton LE

Build Order

Get SALT Encoding   

  12  0:00  Probe  
  13  0:12  Probe  
  14  0:21  Pylon  
  14  0:25  Probe (Chrono Boost)  
  15  0:35  Probe  
  15  0:42  Gateway  
  16  0:43  Probe  
  17  0:50  Assimilator  
  17  0:53  Probe  
  18  1:05  Probe  
  19  1:24  Nexus  
  19  1:27  Probe  
  20  1:36  Cybernetics Core  
  20  1:39  Probe  
  21  1:46  Assimilator  
  21  1:51  Probe  
  22  1:55  Pylon  
  23  2:10  Adept  
  27  2:27  Warp Gate  
  29  2:39  Stargate  
  29  2:41  Zealot  
  37  3:09  Gateway  
  38  3:18  Gateway  
  39  3:26  Pylon  
  40  3:28  Oracle  
  45  3:50  Nexus  
  46  3:56  Pylon x2  
  47  4:05  Oracle  
  51  4:16  Adept x3  
  60  4:30  Assimilator x2  
  62  4:39  Adept x3  Move out to attack.
  72  5:01  Twilight Council  
  72  5:02  Forge  
  77  5:18  Protoss Ground Weapons Level 1  
  81  5:32  Charge  
  81  5:34  Void Ray  
  85  5:39  Robotics Facility x2  
  84  5:57  Templar Archives  
  84  5:59  Gateway x3  
  85  6:11  Assimilator  
  85  6:24  Zealot x3  
  91  6:26  Assimilator  
  91  6:39  Psionic Storm  
  85  6:41  Immortal x2  
  85  6:44  Protoss Ground Weapons Level 2  
  85  6:45  Gateway x3  
  93  6:57  Zealot x4  
  101  7:20  Zealot x2, Observer, Immortal, High Templar x2  
  116  7:24  Archon  
  118  7:34  Warp Prism  
  118  7:35  Gateway  
  118  7:40  High Templar x2  
  129  7:46  Archon  
  134  7:56  Immortal  
  134  8:08  High Templar x4  
  148  8:15  Archon x2  
  149  8:40  Nexus  
  140  9:41  High Templar x2  
Spawning Tool Build Advisor. Get it on Overwolf

Go to:

Details

  • Created by: CrestedPeak9
  • Published on: Mar 17, 2019
  • Modified on: Mar 20, 2019
  • Patch: 4.7.1
Show
View Real Time Build Order
Export as new Build Order

Comments (0)

There are no comments. Be the first!

Create an account to comment!